 Dungeon Crawl Stone Soup version 0.20-a0-876-g2c7b0bf (webtiles) character file.

67 4thArraOfDagon the Covered (level 3, -1/30 HPs)
             Began as a Demigod Wanderer on Mar 15, 2017.
             Killed by divine providence
             ... invoked by an orc priest
              (13 damage)
             ... on level 4 of the Dungeon.
             The game lasted 00:01:50 (647 turns).

4thArraOfDagon the Covered (Demigod Wanderer)        Turns: 647, Time: 00:01:51

Health: -1/30      AC:  6    Str: 17    XL:     3   Next: 70%
Magic:  0/5        EV: 10    Int: 18    God:
Gold:   31         SH:  0    Dex: 13    Spells: 2/2 levels left

rFire    . . .     SeeInvis .   j - +0 short sword (venom)
rCold    . . .     Gourm    .   c - +0 ring mail
rNeg     + . .     Faith    .   (no shield)
rPois    .         Spirit   +   (no helmet)
rElec    .         Reflect  .   (no cloak)
rCorr    .         Harm     .   (no gloves)
MR       .....                  k - +0 pair of boots (curse)
Stlth    +.........             n - amulet of guardian spirit
Regen    0.1/turn               (no ring)
MPRegen  0.1/turn               i - ring of positive energy (curse)

@: no status effects
A: high mp 1
a: no special abilities


You were on level 4 of the Dungeon.
You were not hungry.

You visited 1 branch of the dungeon, and saw 4 of its levels.

You collected 31 gold pieces.

Inventory:

Hand Weapons
 a - a +2 shortbow
 j - a +0 short sword of venom (weapon)
Missiles
 b - 41 arrows
Armour
 c - a +0 ring mail (worn)
 k - a cursed +0 pair of boots (worn)
Jewellery
 i - a cursed ring of positive energy (left hand)
 n - an amulet of guardian spirit (around neck)
Wands
 m - a wand of random effects (14/48)
Scrolls
 e - a scroll of immolation {unknown}
 h - 4 scrolls of identify {unknown}
 l - a scroll of remove curse {unknown}
 p - a scroll of random uselessness {unknown}
 q - a scroll of amnesia {unknown}
 t - a scroll of teleportation {unknown}
Potions
 d - a potion of curing
 o - a potion of invisibility {unknown}
 r - a potion of ambrosia {unknown}
 s - a potion of might {unknown}
Comestibles
 f - a bread ration
 g - 4 fruits


   Skills:
 + Level 2.6 Fighting
 - Level 3.3 Bows
 - Level 3.6 Armour
 - Level 1.0 Stealth
   Level 1.0 Shields


You had 2 spell levels left.
You didn't know any spells.

Dungeon Overview and Level Annotations

Branches:
Dungeon (4/15)             Temple (0/1) D:4


Innate Abilities, Weirdness & Mutations

You have an increased reservoir of magic. (+10% MP)


Message History

You closely miss the orc priest.
The orc priest hits you but does no damage.
You hit the orc priest but do no damage.
The orc priest hits you but does no damage.
You hit the orc priest but do no damage.
The orc priest is poisoned.
The orc priest barely misses you.
You hit the orc priest but do no damage.
The orc priest is lightly wounded.
The orc priest calls down the wrath of Beogh upon you.
Beogh smites you!
You are too injured to fight recklessly!
You are too injured to fight recklessly!
You are too injured to fight recklessly!
Unknown command.
You hit the orc priest.
The orc priest looks as sick as possible!
The orc priest is heavily wounded.
The orc priest calls down the wrath of Beogh upon you.
Beogh smites you!
You die...

#..######......#
####### #.............#
#......
#....####.....###.#####
#..o.# #.........#
#...o####....##########
#.###.#.####.# #.... #.
##[#.# #.# #.### #.
#.#o## #.# #.# # .o
##@#.###.## #.### o.
####.....#####.##. ##.
#.............. #.
..####..[.######...<
..........# #.###
########..#######.# #
..........##......###
#######...##.####....
##.....#.# #..##


You could see an orc priest.

Vanquished Creatures
  An orc wizard (D:4)
  An adder (D:4)
  2 orcs (D:4)
  2 ball pythons (D:4)
  2 giant cockroaches
  3 goblins (D:1)
  A hobgoblin (D:2)
  A quokka (D:2)
  2 bats (D:1)
  4 kobolds
  A leopard gecko skeleton (D:4)
  9 rats
29 creatures vanquished.

Notes
Turn   | Place    | Note
-------+----------+-------------------------------------------
     0 | D:1      | 4thArraOfDagon the Demigod Wanderer began the quest for the Orb.
     0 | D:1      | 4thArraOfDagon set off with: a +2 shortbow, 24 arrows, a +0 ring mail, a potion of curing, a bread ration
     0 | D:1      | Reached XP level 1. HP: 17/17 MP: 3/3
   180 | D:1      | Reached XP level 2. HP: 24/24 MP: 4/4
   511 | D:4      | Found a staircase to the Ecumenical Temple.
   599 | D:4      | Reached XP level 3. HP: 25/29 MP: 5/5
   647 | D:4      | Killed from afar by an orc priest

Vault maps used:
D:1:      onia_arrival_larder, roderic_lattice_a
D:2:      dk_xom_monty_hall
D:3:      cheibrodos_greedy_goblins, first_bread
D:4:      lemuel_doored_altar, minmay_temple_entry_from_below_a, minivault_24,
          saegor_snake_ambush

Skill      XL: |  1  2  3 |
---------------+----------+-----
Bows           | 2 3 |  3.3
Fighting       | 2 |  2.6
Armour         | |  3.6
Stealth        | |  1.0
Shields        | |  1.0

Action                   || total
-------------------------++-------
Melee: Short sword       ||    58
 Fire: Shortbow          ||    24
Armor: Ring mail         ||    26
Dodge: Dodged            ||    41
